 Dungeon Crawl Stone Soup version 0.22.1-1-ga44c0e5 (webtiles) character file.

84 Anon1729 the Chopper (level 4, -3/40 HPs)
             Began as a Naga Gladiator on Sept 27, 2018.
             Slain by a gnoll
             ... wielding a +0 flail
              (10 damage)
             ... on level 2 of the Dungeon.
             The game lasted 00:03:06 (1772 turns).

Anon1729 the Chopper (Naga Gladiator)               Turns: 1772, Time: 00:03:06

Health: -3/40      AC:  4    Str: 17    XL:     4   Next: 46%
Magic:  4/4        EV: 10    Int:  9    God:
Gold:   55         SH:  0    Dex: 12    Spells: 3/3 levels left

rFire    . . .     SeeInvis +   a - +0 war axe
rCold    . . .     Gourm    .   (no shield)
rNeg     . . .     Faith    .   b - +0 leather armour
rPois    +         Spirit   .   c - +0 helmet
rElec    .         Reflect  .   (no cloak)
rCorr    .         Harm     .   (no gloves)
MR       .....                  (no barding)
Stlth    +.........             (no amulet)
HPRegen  0.13/turn              (no ring)
MPRegen  0.09/turn              (no ring)

@: short of breath, very slow
A: large, see invisible, deformed body, poison resistance, slowness 2, slow
metabolism 1, spit poison 1, AC +1
a: Spit Poison


You were on level 2 of the Dungeon.
You were not hungry.

You visited 1 branch of the dungeon, and saw 2 of its levels.

You collected 55 gold pieces.

Inventory:

Hand Weapons
 a - a +0 war axe (weapon)
Missiles
 d - 2 throwing nets (quivered)
Armour
 b - a +0 leather armour (worn)
 c - a +0 helmet (worn)
 j - a cursed -1 robe
Jewellery
 g - an uncursed amulet of regeneration {unknown}
Scrolls
 h - a scroll of teleportation {unknown}
 i - a scroll of fear {unknown}
 k - 4 scrolls of identify {unknown}
 l - 5 scrolls of remove curse {unknown}
Potions
 e - a potion of flight {unknown}
 m - a potion of agility {unknown}
 o - a potion of mutation {unknown}
Comestibles
 f - 6 rations
 n - 3 chunks of flesh


   Skills:
 + Level 2.6 Fighting
 * Level 3.9 Axes
 - Level 2.0 Throwing
 + Level 1.1 Armour
 + Level 2.8 Dodging


You had 3 spell levels left.
You didn't know any spells.
Your spell library was empty.

Dungeon Overview and Level Annotations

Branches:
Dungeon (2/15)

Altars:


Innate Abilities, Weirdness & Mutations

You cannot wear boots.
Your serpentine skin is tough. (AC +1)
You have supernaturally acute eyesight. (SInv)
Armour fits poorly on your strangely shaped body.
Your system is resistant to poisons. (rPois)
You cover ground very slowly.
You have a slow metabolism.
You can spit poison.


Message History

You kill the hobgoblin!
The gnoll hits you with a flail.
Okay, then.
Unknown command.
Press: ? - help, Shift-Dir - straight line, f - gnoll
Aim: a gnoll, wielding a flail The splash of poison hits the gnoll.
The gnoll is moderately wounded.
You feel slightly more hungry.
You closely miss the gnoll.
The gnoll is moderately wounded.
The gnoll hits you with a flail!
* * * LOW HITPOINT WARNING * * *
The gnoll hits you with a flail.
* * * LOW HITPOINT WARNING * * *
You aren't carrying any items that you can evoke.
You hit the gnoll but do no damage.
The gnoll is moderately wounded.
The gnoll hits you with a flail!
You die...

#.. #................ #..
#...♣.♣....#.##.. #...
#...........P.♣
##..########♣.♣.♣..#.PP.♣
#..................#...♣P
.#.....######♣.♣.♣#.#P.♣..
#........## #.#.##.......
#.#.....#g## #.#.##.......
#...g#.#@# #.#.##.####..
#...#.###...>......######
#..gg# #.............).
#..## ###.###.######. #..
# #. #. #. #. #. #.


You could see a gnoll.

Vanquished Creatures
  Robin (D:2)
  2 gnolls (D:2)
  A dart slug (D:1)
  3 leopard geckos
  2 giant cockroaches (D:1)
  18 goblins
  7 hobgoblins
  A quokka (D:2)
  2 bats (D:1)
  A frilled lizard (D:1)
  2 kobolds
  A rat (D:1)
41 creatures vanquished.

Notes
Turn   | Place    | Note
-------+----------+-------------------------------------------
     0 | D:1      | Anon1729 the Naga Gladiator began the quest for the Orb.
     0 | D:1      | Reached XP level 1. HP: 19/19 MP: 1/1
   231 | D:1      | Reached XP level 2. HP: 14/26 MP: 2/2
   734 | D:1      | Reached XP level 3. HP: 32/32 MP: 3/3
  1343 | D:2      | Noticed Robin
  1346 | D:2      | Killed Robin
  1373 | D:2      | Reached skill level 1 in Armour
  1373 | D:2      | Reached XP level 4. HP: 4/40 MP: 4/4
  1772 | D:2      | Slain by a gnoll

Skill      XL: |  1  2  3 |
---------------+----------+-----
Throwing       | 2 |  2.0
Armour         | 1 |  1.1
Fighting       | |  2.6
Axes           | |  3.9
Dodging        | |  2.8

Action                   |  1- 3 |  4- 6 || total
-------------------------+-------+-------++-------
Melee: War axe           |    90 |    28 ||   118
Throw: Throwing net      |     1 |     2 ||     3
 Abil: Spit Poison       |     3 |     3 ||     6
 Stab: Held in net/web   |     1 |       ||     1
  Eat: Chunk             |     1 |     1 ||     2
Armor: Leather armour    |    37 |    11 ||    48
Dodge: Dodged            |    62 |    12 ||    74
